Map: Oxide LE

Players

Reynor - Winner!

  • Race: Zerg Zerg

maru

  • Race: Terran Terran

Event: DreamHack SC2 Masters 2021 Summer

VOD

Have the link to the VOD?

Description

Time

  • Played on: July 4, 2021, 12:10 p.m.
  • Length: 15:08

All games in this series

Show
View Real Time Build Order
Export as new Build Order

Reynor Zerg - Winner!

Build Orders: Hatch First 

Get SALT Encoding   

  12  0:01  Drone  
  13  0:12  Overlord  
  13  0:17  Drone  
  14  0:30  Drone x2  
  16  0:48  Hatchery  
  15  0:51  Drone  
  15  0:54  Drone  
  17  0:58  Drone  
  18  1:08  Extractor  
  17  1:13  Spawning Pool  
  17  1:16  Drone  
  17  1:19  Drone  
  18  1:28  Drone  
  19  1:38  Drone  
  20  1:49  Overlord  
  20  2:00  Queen x2  
  20  2:01  Zergling x4  
  26  2:10  Drone  
  26  2:11  Drone, Metabolic Boost  
  28  2:22  Drone x2  
  30  2:29  Spore Crawler  
  29  2:35  Drone  
  29  2:36  Queen, Overlord  
  31  2:42  Drone  
  31  2:43  Drone  
  35  2:48  Pneumatized Carapace  
  35  2:54  Drone  
  36  3:03  Hatchery  
  36  3:04  Drone  
  36  3:06  Drone  
  36  3:10  Drone  
  38  3:15  Overlord  
  38  3:17  Drone x2  
  38  3:19  Drone  
  41  3:25  Queen  
  43  3:28  Overlord  
  43  3:31  Drone  
  44  3:35  Queen  
  44  3:38  Drone  
  47  3:42  Drone  
  48  3:48  Zergling x4  
  48  3:53  Overlord  
  48  3:54  Zergling x2  
  48  3:55  Zergling x2  
  52  3:58  Drone  
  52  3:59  Drone  
  54  4:04  Queen  
  56  4:10  Overlord  
  56  4:11  Drone  
  56  4:16  Queen  
  58  4:19  Spine Crawler  
  58  4:20  Queen  
  59  4:24  Zergling x4  
  59  4:27  Zergling x4  
  63  4:32  Zergling x4  
  63  4:34  Overlord  
  63  4:36  Overlord  
  65  4:41  Overlord  
  65  4:47  Queen  
  64  4:54  Drone x7  
  64  4:58  Overlord  
  64  4:59  Drone  
  72  5:04  Drone  
  72  5:05  Queen  
  75  5:08  Queen  
  75  5:13  Overlord  
  75  5:14  Zergling x4  
  78  5:16  Drone  
  78  5:21  Drone  
  80  5:22  Drone  
  80  5:24  Lair  
  80  5:25  Drone x2  
  80  5:26  Drone  
  80  5:27  Drone  
  85  5:31  Overlord  
  85  5:36  Drone x2  
  85  5:37  Evolution Chamber  
  85  5:39  Drone, Evolution Chamber  
  85  5:40  Drone x3  
  89  5:43  Drone x2  
  89  5:47  Extractor  
  89  5:48  Extractor  
  89  5:49  Roach Warren  
  88  5:50  Drone x2  
  88  5:55  Overlord  
  90  5:59  Drone x3  
  90  6:01  Drone  
  90  6:02  Zerg Missile Weapons Level 1  
  94  6:05  Extractor  
  94  6:10  Overlord  
  93  6:12  Drone  
  93  6:13  Drone x2  
  93  6:14  Extractor  
  93  6:16  Extractor, Zerg Ground Armor Level 1  
  93  6:17  Overlord  
  94  6:23  Overlord  
  94  6:24  Drone  
  95  6:32  Glial Reconstitution  
  95  6:36  Overlord  
  95  6:39  Hatchery  
  94  6:41  Roach x8  
  94  6:46  Roach x2  
  116  6:47  Roach  
  116  6:48  Drone  
  116  6:49  Drone  
  116  6:50  Drone  
  119  7:05  Roach x6  
  131  7:12  Overlord  
  131  7:14  Roach x6  
  143  7:19  Roach  
  143  7:22  Overlord  
  145  7:24  Overlord  
  145  7:31  Overlord  
  145  7:32  Roach  
  145  7:35  Roach  
  145  7:36  Ravager x3  
  145  7:37  Overlord  
  152  7:41  Roach  
  152  7:42  Roach x3  
  152  7:44  Roach x4  
  168  7:48  Roach  
  170  7:58  Roach x4  
  178  8:03  Overlord  
  178  8:05  Roach x2  
  178  8:11  Roach x3  
  178  8:12  Roach x5  
  189  8:15  Roach  
  189  8:24  Roach x4  
  183  8:27  Roach  
  183  8:33  Roach x2  
  158  8:40  Roach x4  
  136  8:48  Roach  
  136  8:49  Roach x2  
  136  8:55  Roach x3  
  138  9:00  Ravager x2  
  138  9:01  Roach x2  
  144  9:05  Roach  
  144  9:07  Roach x4  
  144  9:08  Ravager x2  
  144  9:09  Roach  
  158  9:12  Roach x2  
  158  9:15  Ravager  
  158  9:17  Roach x4  
  171  9:19  Ravager  
  171  9:21  Roach x2  
  176  9:27  Roach x3  
  176  9:30  Roach x2  
  176  9:31  Roach  
  188  9:32  Ravager  
  188  9:36  Roach x3  
  187  9:50  Roach x8  
  186  10:00  Drone x4  
  186  10:03  Drone  
  186  10:04  Drone, Zerg Missile Weapons Level 2  
  192  10:07  Overlord  
  192  10:14  Overlord  
  192  10:18  Roach x6  
  194  10:22  Roach x2  
  194  10:23  Roach x2  
  191  10:31  Queen  
  191  10:33  Drone x3  
  191  10:35  Drone, Infestation Pit  
  190  10:37  Zerg Ground Armor Level 2  
  190  10:42  Drone x4  
  187  10:44  Drone  
  188  10:50  Extractor, Roach x2  
  188  10:51  Extractor, Roach  
  188  10:55  Drone x4  
  196  11:05  Overseer  
  196  11:08  Roach x2  
  200  11:15  Hive  
  178  11:50  Roach x13  
  178  11:54  Overlord  
  192  12:17  Hatchery  
  192  12:18  Roach x6  
  181  12:37  Viper x2  
  181  12:42  Hatchery  
  181  12:43  Roach x5  
  194  12:51  Ravager x4  
  194  12:54  Hatchery  
  197  12:59  Ravager x2  
  197  13:16  Roach  
  197  13:17  Roach x4  
  193  13:24  Roach x5  
  193  13:26  Overseer  
  173  13:43  Roach  
  173  13:44  Roach x5  
  171  13:48  Viper  
  171  13:49  Viper x2  
  171  13:53  Extractor  
  171  13:54  Queen  
  181  13:55  Extractor  
  168  14:11  Roach  
  168  14:12  Roach x5  
  168  14:13  Hydralisk Den  
  168  14:15  Queen  
  169  14:18  Roach x2  
  169  14:19  Roach x3  
  179  14:25  Spore Crawler, Roach x3  
  179  14:27  Roach  
  186  14:32  Roach x2  
  186  14:35  Roach  
  186  14:37  Roach x3  
  192  14:41  Roach x3  
  192  14:42  Overseer  
  198  14:45  Extractor  
Show
View Real Time Build Order
Export as new Build Order

maru Terran 

Build Orders: Hellion Opening, Reaper Expand 

Get SALT Encoding   

  12  0:00  SCV  
  13  0:12  SCV  
  14  0:16  Supply Depot  
  14  0:25  SCV  
  15  0:38  SCV  
  15  0:40  Barracks  
  16  0:44  Refinery  
  16  0:50  SCV  
  17  1:02  SCV  
  18  1:14  SCV  
  19  1:27  Orbital Command, Reaper  
  20  1:38  Command Center  
  20  1:48  Supply Depot  
  20  1:52  SCV  
  21  1:59  Marine  
  22  2:04  SCV  
  22  2:05  Factory  
  23  2:10  Refinery  
  23  2:17  SCV  
  23  2:21  Barracks Reactor  
  24  2:29  SCV  
  25  2:41  SCV  
  26  2:51  Starport  
  26  2:53  SCV  
  26  2:54  Orbital Command  
  27  3:01  Hellion  
  27  3:02  Hellion  
  27  3:05  SCV  
  32  3:07  Barracks Tech Lab  
  32  3:16  Supply Depot  
  32  3:17  SCV  
  32  3:20  SCV  
  32  3:24  Hellion x2  
  37  3:27  Viking  
  37  3:29  SCV  
  37  3:31  Marauder  
  37  3:33  SCV  
  43  3:41  SCV  
  43  3:42  Supply Depot  
  43  3:47  Hellion x2, Concussive Shells  
  48  3:52  SCV, Marauder  
  48  3:55  SCV  
  52  4:01  Armory  
  52  4:04  SCV  
  52  4:07  SCV  
  52  4:08  Supply Depot  
  54  4:10  Hellion  
  54  4:13  Medivac  
  54  4:16  Marauder  
  60  4:18  SCV  
  62  4:24  SCV  
  62  4:30  Hellion  
  64  4:38  Command Center  
  64  4:41  Stimpack  
  66  4:46  SCV  
  66  4:47  SCV  
  66  4:49  Supply Depot  
  68  4:58  SCV  
  67  5:00  SCV, Barracks, Hellion x4  
  67  5:01  Factory Reactor  
  67  5:03  Barracks  
  68  5:10  SCV  
  68  5:12  SCV  
  70  5:14  Engineering Bay  
  70  5:18  Marine  
  70  5:19  Engineering Bay  
  70  5:21  Refinery  
  71  5:22  SCV  
  71  5:24  SCV  
  73  5:35  SCV  
  74  5:36  SCV  
  74  5:38  Starport Reactor  
  75  5:43  Barracks x2  
  75  5:44  Factory Tech Lab  
  75  5:47  SCV  
  75  5:48  Marine x2  
  78  5:50  SCV, Marine, Terran Infantry Weapons Level 1, Terran Infantry Armor Level 1  
  78  5:54  Orbital Command  
  80  5:59  SCV  
  80  6:00  Marine x2  
  80  6:02  SCV  
  84  6:06  Refinery, Marine x2  
  84  6:11  SCV  
  87  6:14  SCV  
  87  6:17  Orbital Command  
  87  6:18  Medivac, Siege Tank  
  91  6:22  Supply Depot  
  91  6:23  Medivac  
  95  6:26  Supply Depot  
  95  6:27  Supply Depot  
  95  6:33  Barracks Reactor  
  95  6:34  SCV x2  
  95  6:39  Barracks Reactor  
  97  6:43  SCV, Supply Depot x2  
  97  6:45  Marine, Combat Shield  
  97  6:46  SCV, Marine x2  
  102  6:51  Hellion x5  
  102  6:53  SCV  
  103  6:55  SCV  
  103  6:59  Marine  
  103  7:01  SCV  
  103  7:04  Marine  
  103  7:05  Marine x3  
  103  7:06  Medivac, Siege Tank  
  109  7:10  SCV  
  109  7:15  Marine x3  
  113  7:17  SCV x2  
  113  7:21  Supply Depot  
  113  7:22  SCV, Marine, Supply Depot  
  116  7:23  Marine  
  116  7:25  Marine  
  116  7:26  Marine x3  
  122  7:31  Medivac  
  122  7:32  Marine  
  122  7:33  Marine x2  
  122  7:35  SCV  
  122  7:36  Refinery, Medivac  
  130  7:41  Siege Tank  
  130  7:42  SCV, Marine  
  130  7:43  Supply Depot  
  135  7:45  Marine  
  135  7:46  Marine x4  
  135  7:50  SCV  
  141  7:51  Supply Depot  
  141  7:55  SCV, Supply Depot  
  142  8:01  Medivac  
  143  8:06  Medivac  
  143  8:08  Marine  
  143  8:09  Marauder  
  143  8:10  Marine x2  
  143  8:12  Marine x4  
  147  8:13  Siege Tank  
  144  8:20  Marine  
  144  8:26  Marine  
  133  8:27  Orbital Command  
  133  8:28  Marine  
  133  8:30  Marauder, Marine x3  
  114  8:38  SCV x2  
  114  8:39  Marine  
  98  8:48  Terran Infantry Weapons Level 2  
  98  8:50  SCV x2  
  98  8:51  Marauder  
  100  8:56  Siege Tank  
  100  8:57  SCV  
  100  9:02  Terran Infantry Armor Level 2, SCV  
  101  9:03  SCV  
  101  9:09  SCV  
  104  9:10  Marine x3  
  104  9:13  Marauder  
  104  9:15  SCV x2  
  111  9:18  Marine x5  
  116  9:24  Liberator  
  116  9:29  Marine  
  116  9:30  Marine x2  
  122  9:34  Marauder  
  122  9:37  SCV x3  
  127  9:39  Siege Tank  
  127  9:43  Marine  
  127  9:45  Marine  
  125  9:46  Marine x2  
  125  9:48  Marine x2  
  125  9:49  SCV x2  
  117  9:55  Marine  
  117  9:56  Marauder  
  112  10:09  Liberator  
  105  10:15  Marine x4  
  105  10:16  Marine x2  
  105  10:17  SCV, Marauder  
  110  10:25  SCV  
  106  10:34  Marine  
  106  10:35  Medivac  
  106  10:36  Marine x3  
  106  10:38  Marauder  
  106  10:40  Orbital Command  
  106  10:41  SCV  
  112  10:45  Marine x3  
  112  10:46  Siege Tank  
  112  10:49  Marine  
  116  10:52  Marine, Medivac  
  116  10:55  Supply Depot  
  120  11:00  Marauder, Marine  
  120  11:01  Marine x2  
  120  11:03  Marine  
  126  11:08  Marine  
  126  11:09  Marine x3  
  126  11:11  Medivac  
  132  11:18  Marine x2  
  132  11:19  Marine  
  132  11:20  Siege Tank  
  132  11:21  Marauder  
  132  11:22  Supply Depot  
  132  11:24  Marine  
  132  11:25  Medivac  
  143  11:26  Marine  
  144  11:33  Marine  
  144  11:37  SCV  
  145  11:40  Supply Depot  
  145  11:43  Marauder, Marine x2  
  133  11:51  Marine x3  
  133  11:52  Orbital Command, Marine  
  133  11:54  SCV  
  137  11:55  Supply Depot  
  137  11:56  Siege Tank  
  140  12:01  Medivac  
  140  12:03  Medivac  
  142  12:09  Marine x2  
  142  12:15  Marine x3  
  139  12:21  Marine x2  
  142  12:27  SCV  
  139  12:31  SCV  
  139  12:32  SCV  
  141  12:39  SCV  
  141  12:40  Marine x3  
  141  12:43  SCV  
  141  12:50  Siege Tank  
  141  12:51  Marauder, Marine  
  147  12:54  Marine x2  
  149  13:02  Liberator x2  
  149  13:04  SCV  
  155  13:15  Marine x2  
  155  13:16  Marauder  
  137  13:21  Orbital Command  
  137  13:24  Marine x2  
  137  13:25  Marine, Siege Tank  
  135  13:27  SCV x2  
  124  13:37  Marauder  
  124  13:40  Marine  
  124  13:41  Orbital Command  
  98  13:51  Marine x2  
  100  13:58  Siege Tank  
  100  13:59  Marauder  
  105  14:05  SCV  
  105  14:06  SCV  
  103  14:15  Marine x3  
  102  14:24  SCV x3  
  102  14:30  Siege Tank  
  108  14:36  SCV  
  109  14:39  Marine x2  
  109  14:40  Marauder  
Tags
 
Add a new tag
Caveats
  • Supply blocks, unpowered buildings, or Contaminate may cause inaccurate times.
  • Supply counts are checked every 10 seconds.